cohdb
Replays
Latest Replays
All Replays
Popular Replays
Top Player Replays
Match Explorer
How It Works
Community
CoH3 Stats
Reddit
Sign in to upload your games and track your stats! →
Sign in with Steam
Match 42847987
Unlisted
Match 42847987
Overview
Messages
Build Orders
End
Scout Squad
Construct Barracks
Selects Heavy Weapons
Riflemen Squad
Riflemen Squad
Riflemen Squad
Riflemen Squad
Construct Medical Station
Selects Assault Carriers
Infantry Support Center
Construct Weapon Support Center
M3 Assault Carrier
Selects Exchangeable Parts
M1 Mortar Team
Captain Retinue
M1918 Browning Automatic Rifles
Grenade Package
Engineer Squad
Bazooka Squad
Improved M9 Bazooka Rockets
M3 Assault Carrier
Munitions Surplus
Engineer Squad
Bazooka Squad
Selects M26 Pershing Heavy Tank
Selects M26 Pershing Heavy Tank
M26 Pershing Heavy Tank
Riflemen Squad
framerryu
Grand.G
0
0
Comments
sign in to comment!
No comments posted yet!